 Dungeon Crawl Stone Soup version 0.15-a0-110-gb05c47c (webtiles) character file.

450 Qrupt the Ducker (level 6, -4/43 HPs)
             Began as a Human Wanderer on Apr 10, 2014.
             Slain by Duvessa
             ... wielding a +1,+5 short sword of electrocution
              (24 damage)
             ... on Level 4 of the Dungeon.
             The game lasted 00:06:24 (2731 turns).

Qrupt the Ducker (Human Wanderer)                   Turns: 2731, Time: 00:06:25

HP  -4/43        AC  9     Str 13      XL: 6   Next: 65%
MP   6/6         EV 10     Int 13      God:
Gold 148         SH  0     Dex 13      Spells:  0 memorised,  5 levels left

rFire  . . .     SeeInvis .     a - +1,+2 crossbow
rCold  . . .     Clarity  .     b - +0 ring mail
rNeg   . . .     Conserve .     (no shield)
rPois  .         rCorr    .     h - +2 hat
rElec  .         rRot     .     E - +0 cloak
SustAb . .       Spirit   .     (no gloves)
rMut   .         Warding  .     r - +0 pair of boots (curse)
Saprov . . .     Stasis   .     (no amulet)
MR     .....                    (no ring)
                                (no ring)

@: not resistant to hostile enchantments, very unstealthy
A: no striking features
a: no special abilities


You were on level 4 of the Dungeon.
You were hungry.

You visited 1 branch of the dungeon, and saw 4 of its levels.

You collected 148 gold pieces.

Inventory:

Hand weapons
 a - a +1,+2 crossbow (weapon)
 z - a +0,+0 mace
Missiles
 c - 19 bolts (quivered)
Armour
 b - a +0 ring mail (worn)
 h - a +2 hat (worn)
 r - a cursed +0 pair of boots (worn)
 E - a +0 cloak (worn)
Comestibles
 d - a bread ration
 o - a lychee
Scrolls
 e - a scroll of enchant weapon I {unknown}
 f - 5 scrolls of remove curse {unknown}
 g - 3 scrolls of noise {unknown}
 i - a scroll of recharging {unknown}
 l - 2 scrolls of fog {unknown}
 q - 5 scrolls of identify {unknown}
 v - a scroll of enchant armour {unknown}
 x - 2 scrolls of immolation {unknown}
 A - a scroll of magic mapping {unknown}
 D - a scroll of random uselessness {unknown}
Jewellery
 k - a +5,+6 ring of slaying {unknown}
 p - an uncursed ring of wizardry {unknown}
 w - an uncursed ring of wizardry {unknown}
 y - a cursed ring of protection from magic {unknown}
Potions
 j - a potion of agility {unknown}
 m - 2 potions of heal wounds {unknown}
 n - 2 potions of confusion {unknown}
 s - a potion of invisibility {unknown}
 t - 2 potions of curing {unknown}
 u - a potion of restore abilities {unknown}
 B - a potion of poison {unknown}
 C - a potion of mutation {unknown}


   Skills:
 - Level 1.0 Fighting
   Level 1.0 Short Blades
 + Level 3.3 Maces & Flails
 - Level 3.0 Crossbows
 - Level 2.0 Armour
 - Level 5.1 Dodging
 - Level 1.0 Stealth
   Level 1.0 Invocations


You had 5 spell levels left.
You didn't know any spells.

Dungeon Overview and Level Annotations

Branches:
Dungeon (4/15)
 Temple: D:4-7

Altars:
Okawaru

Annotations:
D:4 Duvessa


Message History

There is a stone staircase leading up here.
Firing (i - inventory):
c - 22 bolts (quivered)
Press: ? - help, Shift-Dir - straight line, f - Duvessa
Aim: Duvessa, wielding a runed short sword and wearing a leather armour You shoot a bolt.
The bolt hits Duvessa.
Duvessa is moderately wounded.
Firing (i - inventory):
c - 21 bolts (quivered)
Press: ? - help, Shift-Dir - straight line, f/p - Duvessa
Aim: Duvessa, wielding a runed short sword and wearing a leather armour (moderately wounded)
You shoot a bolt. The bolt hits Duvessa.
Duvessa is heavily wounded.
Firing (i - inventory):
c - 20 bolts (quivered)
Press: ? - help, Shift-Dir - straight line, f/p - Duvessa
Aim: Duvessa, wielding a runed short sword and wearing a leather armour (heavily wounded)
You shoot a bolt. The bolt misses Duvessa.
Duvessa hits you with a runed short sword.
You are electrocuted!
Duvessa hits you but does no damage.
You are electrocuted!
Ouch! That really hurt!
You die...

# ###. ..#
######.#
#.....@#
#.#####e(e.#
.(#.# ###


You could see Duvessa and Dowan.

Vanquished Creatures
  Crazy Yiuf (D:3)
  An orc priest (D:3)
  A worker ant (D:3)
  Natasha (thrice) (D:3)
  An orc wizard (D:3)
  Terence (D:3)
  5 adders
  3 worms (D:3)
  3 oozes
  14 orcs (D:3)
  8 bats
  4 giant cockroaches
  9 goblins
  8 hobgoblins
  7 jackals
  A ball python (D:3)
  4 giant newts
  11 kobolds
  9 rats
  A fungus (D:3)
95 creatures vanquished.

Notes
Turn   | Place    | Note
--------------------------------------------------------------
     0 | D:1      | Qrupt, the Human Wanderer, began the quest for the Orb.
     0 | D:1      | Reached XP level 1. HP: 15/15 MP: 1/1
    78 | D:1      | Reached XP level 2. HP: 21/21 MP: 2/2
   350 | D:1      | Reached XP level 3. HP: 26/26 MP: 3/3
   978 | D:2      | Reached XP level 4. HP: 32/32 MP: 4/4
  1422 | D:3      | Reached skill level 4 in Dodging
  1427 | D:3      | Reached XP level 5. HP: 15/37 MP: 5/5
  1617 | D:3      | Noticed Natasha
  1621 | D:3      | Killed Natasha
  1657 | D:3      | Noticed Terence
  1674 | D:3      | Killed Terence
  1674 | D:3      | Reached skill level 5 in Dodging
  1847 | D:3      | Reached skill level 1 in Maces & Flails
  1931 | D:3      | Reached XP level 6. HP: 43/43 MP: 6/6
  1995 | D:3      | Found an iron altar of Okawaru.
  2421 | D:3      | Noticed Natasha
  2422 | D:3      | Killed Natasha
  2525 | D:3      | Noticed Natasha
  2526 | D:3      | Killed Natasha
  2587 | D:3      | Noticed Crazy Yiuf
  2601 | D:3      | Killed Crazy Yiuf
  2728 | D:4      | Noticed Duvessa
  2731 | D:4      | Slain by Duvessa

Action                   |  1- 3 |  4- 6 || total
-------------------------+-------+-------++-------
Melee: Mace              |       |    15 ||    15
 Fire: Crossbow          |    65 |   137 ||   202
